 Dungeon Crawl Stone Soup version 0.27.0-1-g7a089689b8 (webtiles) character file.

Game seed: 1105638518584199140

213 SnakkuSnakku7 the Poker (level 6, 0/51 HPs)
             Began as a Formicid Berserker on Aug 14, 2021.
             Was a Believer of Trog.
             Slain by a kobold (2 damage)
             ... in a sewer.
             The game lasted 00:03:36 (2646 turns).

SnakkuSnakku7 the Poker (Formicid Berserker)        Turns: 2646, Time: 00:03:37

Health: 0/51       AC:  5    Str: 22    XL:     6   Next: 14%
Magic:  6/6        EV: 11    Int:  7    God:    Trog [**....]
Gold:   71         SH:  0    Dex: 11    Spells: 5/5 levels left

rFire    . . .     SeeInvis +   a - +0 spear
rCold    . . .     Faith    .   (no shield)
rNeg     . . .     Spirit   .   c - +0 ring mail
rPois    .         Reflect  .   (helmet unavailable)
rElec    .         Harm     .   (no cloak)
rCorr    .         Rampage  .   (no gloves)
Will     ++...                  (no boots)
Stlth    ..........             (no amulet)
HPRegen  1.17/turn              (no ring)
MPRegen  0.10/turn              (no ring)

@: lethally poisoned (0 -> 0), strong-willed, attractive, regenerating, very
slow
A: permanent stasis, dig shafts and tunnels, antennae 3, four strong arms
a: Dig, Renounce Religion, Trog's Hand


You were in a sewer.
You worshipped Trog.
Trog was pleased with you.
You visited 1 branch of the dungeon, and saw 3 of its levels.
You also visited: Sewer.

You collected 71 gold pieces.

Inventory:

Hand Weapons
 a - a +0 spear (weapon)
Missiles
 b - 4 poisoned darts
Armour
 c - a +0 ring mail (worn)
Scrolls
 d - a scroll of teleportation {unknown}
 g - a scroll of brand weapon {unknown}
 h - 2 scrolls of torment {unknown}
 i - a scroll of magic mapping {unknown}
 j - a scroll of identify {unknown}
Potions
 e - a potion of curing {unknown}
 f - a potion of attraction


   Skills:
 - Level 5.0 Fighting
 + Level 5.3 Polearms
 + Level 0.0 Throwing
 - Level 2.1 Armour
 - Level 1.7 Dodging


You had 5 spell levels left.
You didn't know any spells.
Your spell library was empty.

Dungeon Overview and Level Annotations

Branches:
Dungeon (3/15)              Sewer (1/1)

Altars:


Innate Abilities, Weirdness & Mutations

You cannot be hasted, slowed, berserked, paralysed or teleported.
You can dig through walls and to a lower floor.
You have a pair of large antennae on your head. (SInv)
Your four strong arms can wield two-handed weapons with a shield.


Message History

You are more poisoned.
The kobold throws a poisoned dart.
The poisoned dart barely misses you.
Unknown command.
You feel very sick.
Unknown command.
You feel very sick.
You feel sick.
The kobold throws a poisoned dart.
The poisoned dart hits you!
You are more poisoned.
The kobold throws a poisoned dart.
The poisoned dart barely misses you.
Unknown command.
You feel very sick.
You feel very sick.
Unknown command.
You feel sick.
Items here: ( )) †.
You feel sick.
You feel sick.
The kobold throws a poisoned dart.
The poisoned dart hits you.
You are more poisoned.
The kobold throws a poisoned dart.
The poisoned dart barely misses you.
You feel sick.
The kobold throws a poisoned dart.
The poisoned dart hits you!
You are lethally poisoned!
* * * LOW HITPOINT WARNING * * *
You feel very sick.
Okay, then.
It was a potion of attraction.
You feel attractive to monsters.
* * * LOW HITPOINT WARNING * * *
You feel sick. The kobold is pulled toward you!
You fail to use your ability.
* * * LOW HITPOINT WARNING * * *
You feel sick. The kobold is pulled toward you!
Your skin crawls.
You feel strong-willed.
You feel sick.
Your unstable footing causes you to fumble your attack.
You feel sick.
The kobold splashes around in the water.
Your unstable footing causes you to fumble your attack.
You feel sick. The kobold hits you with a +0 whip.
You die...

##≈≈≈## #.≈≈≈.# ##.≈≈≈.# ∩..≈≈≈.#
#.≈≈≈.# #.≈≈≈.# ##≈≈≈≈.##
#.≈≈≈≈..#########################
#..h≈≈≈≈≈≈≈≈)≈≈K@≈≈≈≈≈≈≈≈≈≈).....
#.≈K≈≈≈≈#########################
#.≈K≈≈..# #.≈≈≈≈≈≈# #≈≈≈≈≈≈≈#
#≈≈≈≈≈≈K# #≈≈≈≈≈≈.# #.≈≈≈≈≈≈#
#.......#


You could see a kobold.

Vanquished Creatures
  A kobold brigand (Sewer)
  3 river rats
  6 adders
  4 worms (D:3)
  2 dart slugs (D:1)
  3 ball pythons (D:1)
  5 endoplasms
  A giant cockroach (D:2)
  2 goblins (D:1)
  4 hobgoblins
  4 jackals
  2 quokkas (D:2)
  2 bats
  2 frilled lizards (D:1)
  8 kobolds
  3 rats
52 creatures vanquished.

Notes
Turn   | Place    | Note
-------+----------+-------------------------------------------
     0 | D:1      | SnakkuSnakku7 the Formicid Berserker began the quest for
                  | the Orb.
     0 | D:1      | Reached XP level 1. HP: 18/18 MP: 1/1
   153 | D:1      | Reached XP level 2. HP: 17/24 MP: 2/2
   399 | D:1      | Found a faded altar of an unknown god.
   534 | D:1      | Reached XP level 3. HP: 26/30 MP: 3/3
   558 | D:1      | Reached ** piety under Trog
  1186 | D:2      | Reached XP level 4. HP: 38/38 MP: 4/4
  1941 | D:3      | Reached XP level 5. HP: 38/43 MP: 5/5
  2025 | D:3      | Found a glowing drain.
  2151 | Sewer    | Entered a sewer
  2164 | Sewer    | Reached skill level 5 in Fighting
  2354 | Sewer    | Noticed a kobold brigand
  2412 | Sewer    | Killed a kobold brigand
  2413 | Sewer    | Reached skill level 5 in Polearms
  2413 | Sewer    | Reached XP level 6. HP: 7/51 MP: 6/6
  2643 | Sewer    | HP: 2/51 [poisoned by a kobold]
  2646 | Sewer    | Slain by a kobold

Illustrated notes

Levels and vault maps discovered:
D:1:      sevenhm_arrival_forest_fort_small_6, layout_basic,
          hellmonk_ecumenical_altar_blasted
D:2:      layout_basic, fountainhead
D:3:      layout_basic, lightli_sewer_entry_pipes, uniq_terence, uniq_robin
Sewer:    sewer_kobolds

Skill      XL: |  1  2  3  4  5 |
---------------+----------------+-----
Fighting       | 4 5 |  5.0
Polearms       | 4 5 |  5.3
Armour         | |  2.1
Dodging        | |  1.7

Action                   |  1- 3 |  4- 6 || total
-------------------------+-------+-------++-------
Melee: Spear             |   102 |   150 ||   252
Invok: Trog's Hand       |       |     4 ||     4
 Abil: Dig               |     1 |     1 ||     2
  Use: Potion            |       |     1 ||     1
Armor: Ring mail         |    33 |    30 ||    63
Dodge: Dodged            |    44 |    79 ||   123
